 Dungeon Crawl Stone Soup version 0.18.1-5-g4a78601 (webtiles) character file.

35 Wooh the Vexing (level 3, -1/14 HPs)
             Began as a Felid Enchanter on May 10, 2016.
             Slain by a water moccasin (7 damage)
             ... on level 2 of the Dungeon.
             The game lasted 00:05:37 (1802 turns).

Wooh the Vexing (Felid Enchanter)                   Turns: 1802, Time: 00:05:37

Health: -1/14      AC:  1    Str:  4    XL:     3   Next: 17%
Magic:  7/7        EV: 18    Int: 16    God:
Gold:   119        SH:  0    Dex: 17    Spells: 3 memorised, 0 levels left
                                        Lives:  0   Deaths: 1

rFire  . . .     SeeInvis +       - Unarmed
rCold  . . .     Gourm    .     (armour unavailable)
rNeg   . . .     Faith    .     (shield unavailable)
rPois  .         Spirit   .     (helmet unavailable)
rElec  .         Dismiss  .     (cloak unavailable)
rCorr  .         Reflect  .     (gloves unavailable)
SustAt .         Harm     .     (boots unavailable)
MR     .....                    (no amulet)
Stlth  +++.......               (no ring)
                                (no ring)

@: quick, not resistant to hostile enchantments, fairly stealthy
A: no armour, no weapons or thrown items, claws 1, fangs 3, see invisible,
carnivore 3, speed 1, shaggy fur 1, slow metabolism 1, sharp paws
a: no special abilities


You were on level 2 of the Dungeon.
You were not hungry.

You visited 1 branch of the dungeon, and saw 3 of its levels.

You collected 119 gold pieces.

Inventory:

Scrolls
 c - 2 scrolls of remove curse {unknown}
 e - a scroll of random uselessness {unknown}
 i - 3 scrolls of identify {unknown}
Potions
 d - 3 potions of curing {unknown}
 f - a potion of degeneration {unknown}
 g - 2 potions of lignification {unknown}
 h - a potion of heal wounds {unknown}
Books
 a - a book of Maledictions

   Spells                             Type                      Level
   a - Corona                         Hexes                        1
   b - Ensorcelled Hibernation        Hexes/Ice                    2
   c - Confuse                        Hexes                        3
   d - Tukima's Dance                 Hexes                        3
   e - Dazzling Spray                 Conjuration/Hexes            3
Comestibles
 b - 3 meat rations
 j - 2 chunks of flesh


   Skills:
 - Level 2.6 Dodging
 - Level 4.0 Stealth
 - Level 3.0 Unarmed Combat
 - Level 2.0 Spellcasting
 + Level 5.9 Hexes


You couldn't memorise any spells.
You knew the following spells:

 Your Spells              Type           Power        Failure   Level  Hunger
a - Corona                Hex            ###....      1%          1    #......
b - Confuse               Hex            ###.....     8%          3    ###....
c - Ensorcelled Hibernat  Hex/Ice        ##....       12%         2    ###....


Dungeon Overview and Level Annotations

Branches:
Dungeon (3/15)

Altars:
Fedhas
Kikubaaqudgha


Innate Abilities, Weirdness & Mutations

You cannot wear armour.
You are incapable of wielding weapons or throwing items.
You have sharp claws.
You have razor-sharp teeth.
You have supernaturally acute eyesight.
You are carnivorous and can eat meat at any time.
You cover ground quickly.
You are covered in fur (AC +1).
You have a slow metabolism.
Your sharp claws are effective at attacking unaware monsters.


Message History

You feel sick. The water moccasin misses you.
The water moccasin closely misses you.
You are now level 3!
You rejoin the land of the living...
Unknown command.
Unknown command.
Casting: Ensorcelled Hibernation
Confirm with . or Enter, or press ? or * to list all spells.
Okay, then.
You can't grasp things well enough to throw them.
The water moccasin bites you. The water moccasin bites you.
The water moccasin misses you.
The water moccasin completely misses you.
The water moccasin bites you. The water moccasin barely misses you.
The water moccasin closely misses you. The water moccasin misses you.
The water moccasin bites you!
Ouch! That really hurt!
You die...

#############
####.≈≈≈≈≈≈≈≈≈.##
#.#...≈≈≈≈≈≈≈...#
#.#.............###
#..............@S.#
##.#.......).....#†#
.).#...≈≈≈≈≈≈≈...#.#
.#.##.≈≈≈≈≈≈≈≈≈.##.#
##################.#
#.# ##########.#
#..........# ##
##........##


You could see a water moccasin.

Vanquished Creatures
  2 adders (D:2)
  2 worms
  3 dart slugs
  A giant gecko (D:2)
  A ball python (D:2)
  9 bats
  8 hobgoblins
  2 jackals (D:2)
  6 kobolds
  A quokka (D:3)
  A giant newt (D:1)
  7 goblins
  2 rats (D:2)
45 creatures vanquished.

Notes
Turn   | Place    | Note
--------------------------------------------------------------
     0 | D:1      | Wooh the Felid Enchanter began the quest for the Orb.
     0 | D:1      | Reached XP level 1. HP: 7/7 MP: 4/4
   106 | D:1      | Reached XP level 2. HP: 11/11 MP: 6/6
   692 | D:2      | Reached XP level 3. HP: 14/14 MP: 5/7
   708 | D:2      | Learned a level 3 spell: Confuse
   711 | D:2      | Learned a level 2 spell: Ensorcelled Hibernation
   748 | D:2      | Found a faded altar to an unknown god.
   832 | D:2      | Reached skill level 5 in Hexes
  1518 | D:2      | Found an ancient bone altar of Kikubaaqudgha.
  1521 | D:2      | Found a blossoming altar of Fedhas.
  1558 | D:2      | Reached XP level 4. HP: 18/18 MP: 8/8
  1732 | D:3      | Noticed a water moccasin
  1793 | D:2      | Succumbed to a water moccasin's poison
  1794 | D:2      | Reached XP level 3. HP: 0/14 MP: 1/7
  1802 | D:2      | Slain by a water moccasin

Skill      XL: |  1  2  3 |
---------------+----------+-----
Unarmed Combat | 2 3 |  3.0
Hexes          | 5 |  5.9
Dodging        | |  2.6
Stealth        | |  4.0
Spellcasting   | |  2.0

Action                   |  1- 3 |  4- 6 || total
-------------------------+-------+-------++-------
Melee: Unarmed           |    83 |    21 ||   104
       Bite              |     2 |       ||     2
 Cast: Corona            |     4 |       ||     4
       Ensorcelled Hiber |    12 |     7 ||    19
 Stab: Sleeping          |    21 |     2 ||    23
  Eat: Chunk             |     8 |     1 ||     9
Armor: Skin              |     7 |     9 ||    16
Dodge: Dodged            |    74 |    68 ||   142
